Map: [ESL] Oceanborn

Players

Creator - Winner!

  • Race: Protoss Protoss
  • Spawn Location: 5:00

Kelazhur

  • Race: Terran Terran
  • Spawn Location: 11:00

Event: ESL Spring 2024 Finals

VOD

Have the link to the VOD?

Description

Time

  • Played on: May 31, 2024, 12:50 p.m.
  • Length: 11:05

All games in this series

Show
View Real Time Build Order
Export as new Build Order

Creator Protoss - Winner!

Build Orders: 1 Gate Expand, Zealot Archon, Archon Drop, Dark Templar Rush 

Get SALT Encoding   

  12  0:00  Probe  
  13  0:12  Probe  
  14  0:17  Pylon  
  14  0:24  Probe (Chrono Boost)  
  15  0:36  Gateway, Probe (Chrono Boost)  
  16  0:43  Probe (Chrono Boost)  
  16  0:45  Assimilator  
  17  0:51  Probe  
  18  1:03  Probe  
  19  1:15  Probe  
  20  1:23  Cybernetics Core  
  20  1:32  Nexus  
  20  1:38  Pylon  
  20  1:41  Probe  
  21  1:47  Assimilator  
  21  1:53  Probe  
  22  1:56  Adept (Chrono Boost)  
  22  2:00  Warp Gate  
  24  2:05  Probe  
  25  2:16  Adept (Chrono Boost)  
  25  2:17  Probe  
  28  2:24  Twilight Council  
  28  2:29  Probe  
  29  2:32  Pylon  
  29  2:39  Stalker  
  29  2:43  Probe  
  32  2:45  Probe  
  33  2:55  Probe  
  33  2:58  Probe  
  35  3:01  Dark Shrine  
  35  3:10  Gateway  
  35  3:15  Probe x2  
  37  3:27  Probe x2 (Chrono Boost)  
  37  3:30  Robotics Facility  
  39  3:37  Probe x2 (Chrono Boost)  
  41  3:42  Probe x2 (Chrono Boost)  
  41  3:47  Pylon  
  41  3:48  Assimilator, Stalker  
  45  3:53  Probe x2  
  47  4:05  Probe x2  
  49  4:10  Shield Battery  
  49  4:11  Shield Battery  
  49  4:15  Dark Templar x2  
  49  4:16  Warp Prism (Chrono Boost)  
  53  4:23  Probe  
  53  4:24  Probe  
  57  4:27  Assimilator  
  57  4:28  Archon  
  57  4:37  Probe x2  
  59  4:47  Dark Templar  
  59  4:49  Nexus  
  59  4:52  Pylon  
  61  4:56  Pylon  
  61  4:58  Probe  
  62  5:02  Gateway  
  62  5:05  Blink  
  62  5:12  Probe  
  63  5:19  Probe (Chrono Boost)  
  62  5:21  Robotics Bay  
  62  5:25  Probe (Chrono Boost)  
  62  5:27  Dark Templar  
  65  5:30  Dark Templar  
  65  5:32  Probe (Chrono Boost)  
  65  5:35  Probe (Chrono Boost)  
  69  5:36  Pylon  
  69  5:37  Observer, Probe (Chrono Boost)  
  69  5:40  Probe (Chrono Boost)  
  72  5:46  Probe  
  69  5:50  Pylon  
  69  5:51  Probe  
  70  5:58  Archon, Probe  
  70  6:00  Sentry  
  70  6:02  Stalker x2  
  70  6:03  Probe  
  70  6:04  Probe  
  79  6:10  Probe (Chrono Boost)  
  79  6:11  Colossus (Chrono Boost)  
  80  6:12  Shield Battery  
  87  6:19  Gateway, Probe x2 (Chrono Boost)  
  87  6:20  Forge  
  87  6:22  Probe (Chrono Boost)  
  89  6:28  Probe (Chrono Boost)  
  89  6:29  Probe (Chrono Boost)  
  89  6:30  Probe (Chrono Boost)  
  92  6:34  Stalker x3  
  98  6:40  Pylon  
  98  6:42  Nexus  
  98  6:52  Colossus (Chrono Boost)  
  98  6:59  Pylon  
  104  7:01  Probe x3  
  104  7:02  Gateway  
  104  7:06  Charge, Protoss Ground Weapons Level 1  
  107  7:15  Probe x3  
  110  7:16  Zealot x2, Sentry  
  110  7:21  Zealot  
  118  7:27  Gateway x2, Probe  
  118  7:28  Extended Thermal Lance (Chrono Boost), Probe x2  
  121  7:30  Gateway  
  121  7:32  Pylon  
  121  7:41  Probe x3  
  124  7:47  Shield Battery, Colossus (Chrono Boost)  
  130  7:52  Pylon  
  130  7:53  Pylon  
  130  7:55  Observer  
  130  7:56  Photon Cannon  
  130  8:02  Sentry, Photon Cannon  
  130  8:03  Zealot x3  
  130  8:04  Pylon  
  138  8:09  Stalker  
  140  8:19  Shield Battery  
  140  8:20  Photon Cannon  
  140  8:22  Photon Cannon  
  140  8:26  Stalker x4  
  148  8:27  Stalker  
  150  8:34  Immortal (Chrono Boost)  
  150  8:36  Zealot x2  
  150  8:37  Zealot  
  150  8:38  Pylon  
  152  8:54  Zealot x5  
  154  8:58  Zealot x3  
  158  9:03  Immortal (Chrono Boost)  
  146  9:13  Gateway  
  146  9:14  Zealot x5  
  146  9:15  Gateway  
  156  9:24  Dark Templar  
  156  9:25  Zealot, Pylon, Dark Templar  
  156  9:28  Nexus  
  156  9:30  Archon, Probe x3  
  165  9:32  Immortal (Chrono Boost)  
  165  9:38  Pylon  
  169  9:47  Zealot x2, Dark Templar  
  175  9:55  Stalker x3  
  181  10:03  Stalker  
  173  10:13  Disruptor  
  177  10:18  Zealot x5  
  177  10:19  Zealot x3  
  177  10:20  Zealot  
  195  10:32  Robotics Facility  
  187  10:38  Zealot  
  187  10:39  Zealot x4  
  187  10:41  Zealot  
  196  10:51  Zealot  
  196  10:52  Zealot x3  
  164  11:00  Zealot  
  164  11:01  Zealot x4  
Show
View Real Time Build Order
Export as new Build Order

Kelazhur Terran 

Build Orders: Cyclone Opening 

Get SALT Encoding   

  12  0:00  SCV  
  13  0:12  SCV  
  14  0:17  Supply Depot  
  14  0:24  SCV  
  15  0:38  SCV  
  15  0:39  Barracks  
  16  0:44  Refinery  
  16  0:50  SCV  
  17  1:02  SCV  
  18  1:15  SCV  
  19  1:26  Marine  
  19  1:27  Orbital Command  
  20  1:37  Command Center  
  20  1:51  Factory  
  20  1:53  SCV  
  21  1:59  Supply Depot  
  21  2:04  Barracks Reactor  
  21  2:05  SCV  
  22  2:12  Bunker  
  22  2:17  SCV  
  24  2:30  SCV  
  24  2:34  Cyclone  
  26  2:41  Marine x2  
  26  2:42  SCV  
  29  2:49  Orbital Command  
  29  2:54  SCV  
  30  3:00  Marine x2  
  32  3:06  SCV, Hellion  
  35  3:17  Command Center  
  35  3:19  SCV x2  
  37  3:22  Marine x2  
  39  3:31  SCV, Factory Tech Lab  
  39  3:34  SCV  
  41  3:36  Supply Depot  
  41  3:43  SCV, Barracks  
  41  3:45  Marine x2  
  41  3:46  SCV  
  45  3:55  SCV  
  46  3:57  Siege Tank  
  46  4:00  SCV, Refinery  
  50  4:03  Supply Depot  
  50  4:07  SCV  
  50  4:09  Marine x2  
  51  4:12  SCV  
  51  4:14  Barracks  
  52  4:19  SCV  
  53  4:24  SCV  
  53  4:26  Supply Depot  
  53  4:28  Orbital Command, Marine x2  
  53  4:30  Siege Tank  
  59  4:33  SCV  
  59  4:36  SCV  
  61  4:39  Barracks Tech Lab  
  61  4:44  Refinery x2  
  61  4:46  SCV  
  61  4:47  Marine x2  
  61  4:49  SCV  
  65  4:53  Supply Depot  
  65  4:55  SCV  
  65  4:58  Stimpack  
  65  4:59  Marauder  
  68  5:00  SCV  
  68  5:01  SCV  
  70  5:07  SCV  
  70  5:09  Starport  
  70  5:11  Engineering Bay  
  69  5:15  SCV x2, Marine x2  
  69  5:19  SCV  
  74  5:24  Engineering Bay  
  74  5:25  Supply Depot  
  74  5:28  SCV  
  75  5:29  Supply Depot  
  75  5:33  Combat Shield  
  75  5:35  Factory Reactor  
  75  5:36  SCV x2  
  75  5:40  Missile Turret  
  77  5:45  Terran Infantry Weapons Level 1  
  77  5:47  SCV  
  77  5:48  SCV, Marine x2  
  81  5:50  Marine  
  81  5:51  Marine  
  81  5:52  Medivac  
  83  6:00  Barracks  
  83  6:02  Barracks  
  83  6:06  Marine x2, Terran Infantry Armor Level 1  
  85  6:12  Marine x2  
  85  6:13  SCV  
  85  6:16  Orbital Command  
  85  6:17  Missile Turret  
  88  6:21  Factory Reactor  
  88  6:23  Missile Turret  
  88  6:24  Armory  
  88  6:30  SCV  
  89  6:33  Marine, Marauder x2  
  89  6:37  SCV  
  95  6:42  SCV  
  96  6:47  SCV  
  96  6:55  Marauder, Medivac x2  
  96  6:56  Barracks Tech Lab, SCV, Marauder, Barracks Reactor  
  96  7:01  SCV x2  
  106  7:05  Supply Depot x2  
  106  7:12  Widow Mine  
  106  7:13  Missile Turret  
  108  7:16  Marine  
  108  7:19  SCV, Marauder  
  109  7:26  SCV x2, Marauder, Medivac  
  109  7:28  Supply Depot  
  109  7:29  Supply Depot, Marine  
  118  7:30  Marauder  
  118  7:33  Medivac  
  118  7:36  Widow Mine x2  
  124  7:41  Marine x2, Marauder  
  128  7:46  Ghost Academy  
  128  7:48  Marauder, Terran Infantry Weapons Level 2  
  130  7:54  SCV  
  130  7:56  Refinery x2  
  130  7:57  Marine x2, Marauder  
  135  7:58  Concussive Shells  
  135  8:00  Widow Mine  
  137  8:06  Medivac  
  137  8:10  Medivac  
  141  8:17  Marine x3  
  141  8:18  Marine  
  141  8:19  Missile Turret  
  147  8:21  Ghost  
  147  8:22  Marine  
  147  8:26  Supply Depot  
  148  8:42  Ghost  
  144  8:49  Marauder  
  144  8:52  Marauder  
  144  8:55  Marine x2  
  146  8:57  Marine x2, Viking x2  
  146  9:01  Command Center  
  132  9:10  Marauder  
  132  9:11  Marauder  
  132  9:12  Marine  
  132  9:13  Marine, Marauder  
  132  9:15  Marine  
  132  9:16  Widow Mine x2  
  145  9:24  Marine  
  145  9:30  Marine, Viking  
  145  9:31  Ghost  
  147  9:32  Ghost, Viking  
  147  9:34  Ghost  
  147  9:38  Marine  
  156  9:44  Marine x2  
  150  9:56  Marine x2  
  151  10:00  Marauder  
  151  10:01  Marauder  
  151  10:03  Marauder  
  151  10:07  Viking  
  157  10:08  Viking  
  157  10:12  Marine x2  
  154  10:18  Marine  
  145  10:21  Marauder  
  145  10:22  Marauder  
  145  10:23  Barracks  
  145  10:24  Barracks, Marauder  
  145  10:25  Barracks  
  145  10:27  Marine  
  145  10:28  SCV x2  
  152  10:30  Marine x2  
  154  10:36  SCV, Marine  
  154  10:40  SCV x2  
  158  10:43  Marauder  
  158  10:44  Marauder  
  158  10:45  Marine  
  158  10:48  SCV  
Tags
 
Add a new tag
Caveats
  • Supply blocks, unpowered buildings, or Contaminate may cause inaccurate times.
  • Supply counts are checked every 10 seconds.